 Dungeon Crawl Stone Soup version 0.28.0 (webtiles) character file.

Game seed: 8741302624804727118

30 willcat the Sneak (level 3, -4/23 HPs)
             Began as a Kobold Delver on Feb 5, 2022.
             Slain by a mummy (19 damage)
             ... in an ossuary.
             The game lasted 00:01:21 (637 turns).

willcat the Sneak (Kobold Delver)                    Turns: 637, Time: 00:01:21

Health: -4/23      AC:  3    Str: 11    XL:     3   Next: 37%
Magic:  3/3        EV: 14    Int: 11    God:
Gold:   37         SH:  5    Dex: 18    Spells: 2/2 levels left

rFire   . . .      SeeInvis .   a - +0 short sword
rCold   . . .      Faith    .   k - +0 buckler "Bairrergh" {Str+2}
rNeg    . . .      Spirit   .   b - +0 leather armour
rPois   .          Reflect  .   (no helmet)
rElec   .          Harm     .   (no cloak)
rCorr   .          Rampage  .   (no gloves)
Will    .....                   (no boots)
Stlth   ++++......              (no amulet)
HPRegen 0.07/turn               (no ring)
MPRegen 0.08/turn               (no ring)

@: no status effects
A: small, no large weapons, nightstalker 3
a: no special abilities


You were in an ossuary.
You visited 1 branch of the dungeon, and saw 2 of its levels.
You also visited: Ossuary.

You collected 37 gold pieces.

Inventory:

Hand Weapons
 a - a +0 short sword (weapon)
Armour
 b - a +0 leather armour (worn)
 k - the +0 buckler "Bairrergh" (worn) {Str+2}
   (You found it on level 5 of the Dungeon)

   Str:       It affects your strength (+2).
Wands
 g - a wand of digging (3)
Scrolls
 c - a scroll of fog
 d - a scroll of magic mapping
 h - a scroll of summoning {unknown}
 l - a scroll of identify {unknown}
Potions
 i - a potion of curing {unknown}
 j - a potion of attraction {unknown}


   Skills:
 + Level 3.6 Fighting
 + Level 3.3 Short Blades
 + Level 2.9 Dodging
 + Level 6.8 Stealth
 + Level 0.7 Shields


You had 2 spell levels left.
You didn't know any spells.
Your spell library was empty.

Dungeon Overview and Level Annotations

Branches:
Dungeon (6/15)            Ossuary (1/1)
 Temple: D:4-7

Altars:

Annotations:
D:5 Sigmund


Innate Abilities, Weirdness & Mutations

You are small and have problems with some larger weapons.
You are completely attuned to the shadows.


Message History

You barely miss the orc zombie.
The orc zombie is heavily damaged.
You block the orc zombie's attack.
You hit the orc zombie.
The orc zombie is severely damaged.
The orc zombie barely misses you.
You hit the orc zombie.
You destroy the orc zombie!
You start resting.
HP restored. 2 mummies come into view. 2 mummies and a hobgoblin zombie come into view.
Okay, then.
Okay, then.
You hit the mummy but do no damage. You block the mummy's attack.
You barely miss the mummy. You hit the mummy but do no damage.
You block the mummy's attack.
You closely miss the mummy. You hit the mummy but do no damage.
The mummy barely misses you.
You barely miss the mummy. The mummy hits you.
You hit the mummy.
The mummy is lightly damaged.
You hit the mummy.
The mummy is lightly damaged.
The mummy hits you!
You hit the mummy.
The mummy is moderately damaged.
You hit the mummy but do no damage.
The mummy is moderately damaged.
The mummy misses you.
You hit the mummy but do no damage.
The mummy is moderately damaged.
The mummy misses you.
You barely miss the mummy.
The mummy is moderately damaged.
You hit the mummy.
The mummy is moderately damaged.
The mummy hits you!!
Ouch! That really hurt!
You die...

#........#
#..M...#
##....#
#....#
#....#
#....#
#....#
#...M#
#...@#
#....#
#.∩∩.#
######


You could see a mummy.

Vanquished Creatures
  An iguana (D:6)
  2 gnoll zombies (Ossuary)
  A hobgoblin zombie (Ossuary)
  3 orc zombies (Ossuary)
7 creatures vanquished.

Notes
Turn   | Place    | Note
-------+----------+-------------------------------------------
     0 | D:5      | willcat the Kobold Delver began the quest for the Orb.
     0 | D:5      | Reached XP level 1. HP: 14/14 MP: 1/1
    65 | D:5      | Noticed Sigmund
   119 | D:5      | Noticed a gnoll shaman
   120 | D:5      | Identified the +0 buckler "Bairrergh" {Str+2}
   146 | D:6      | Noticed a jelly
   187 | D:6      | Noticed a scorpion
   194 | D:6      | Noticed an iguana
   196 | D:6      | Noticed an orc priest
   197 | D:6      | Noticed an orc priest
   198 | D:6      | Killed an iguana
   199 | D:6      | Reached XP level 2. HP: 19/19 MP: 2/2
   199 | D:6      | Reached XP level 3. HP: 23/23 MP: 3/3
   207 | D:6      | Found a sand-covered staircase.
   212 | Ossuary  | Entered an ossuary
   637 | Ossuary  | Slain by a mummy

Illustrated notes

Levels and vault maps discovered:
D:5:      layout_basic, hangedman_decor_lopped, uniq_sigmund
D:6:      layout_basic, enter_ossuary_5, chequers_hall_statues_y,
          columned_hall_lemuel, minmay_statues_item, uniq_pikel
Ossuary:  ossuary_tomb_3

Skill      XL: |  1 |
---------------+----+-----
Short Blades   | 3 |  3.3
Fighting       | |  3.6
Dodging        | |  2.9
Stealth        | |  6.8
Shields        | |  0.7

Action                   || total
-------------------------++-------
Melee: Short sword       ||    46
  Use: Scroll            ||     1
       Potion            ||     1
 Stab: Sleeping          ||     1
Armor: Leather armour    ||     6
Dodge: Dodged            ||    22
Block: Buckler           ||     3
